 Dungeon Crawl Stone Soup version 0.24-a0-357-g793c10c (webtiles) character file.

Game seed: 15172381463454870871

85 Stormshadow the Chopper (level 4, -6/39 HPs)
             Began as a Hill Orc Fighter on May 24, 2019.
             Was an Initiate of Okawaru.
             Killed by nerve-wracking pain
             ... invoked by an orc priest
              (8 damage)
             ... on level 3 of the Dungeon.
             The game lasted 00:04:14 (1946 turns).

Stormshadow the Chopper (Hill Orc Fighter)          Turns: 1946, Time: 00:04:15

Health: -6/39      AC: 10    Str: 24    XL:     4   Next: 48%
Magic:  4/4        EV:  5    Int:  8    God:    Okawaru [......]
Gold:   67         SH:  9    Dex: 10    Spells: 3/3 levels left

rFire    . . .     SeeInvis .   a - +0 war axe
rCold    + . .     Gourm    .   c - +0 shield
rNeg     . . .     Faith    .   j - +1 chain mail {rC+}
rPois    .         Spirit   .   (no helmet)
rElec    .         Reflect  .   (no cloak)
rCorr    .         Harm     .   (no gloves)
MR       .....                  (no boots)
Stlth    ..........             (no amulet)
HPRegen  0.13/turn              (no ring)
MPRegen  0.09/turn              (no ring)

@: mighty
A: no striking features
a: Renounce Religion, Convert to Beogh


You were on level 3 of the Dungeon.
You worshipped Okawaru.
Okawaru was noncommittal.
You were very hungry.

You visited 1 branch of the dungeon, and saw 3 of its levels.

You collected 67 gold pieces.

Inventory:

Hand Weapons
 a - a +0 war axe (weapon)
Armour
 b - a +0 scale mail
 c - a +0 shield (worn)
 j - a +1 chain mail of cold resistance (worn)
Scrolls
 g - a scroll of remove curse {unknown}
Potions
 e - a potion of mutation
Comestibles
 f - 5 rations


   Skills:
 - Level 3.6 Fighting
 + Level 6.1 Axes
 - Level 3.2 Armour
 - Level 3.2 Shields


You had 3 spell levels left.
You didn't know any spells.
Your spell library was empty.

Dungeon Overview and Level Annotations

Branches:
Dungeon (3/15)

Altars:
Okawaru


Message History

The orc priest is moderately wounded.
The orc priest shouts, "Surrender to Beogh and we'll let you live!"
The orc priest invokes the aid of Beogh against you.
Beogh smites you!
* * * LOW HITPOINT WARNING * * *
You feel very mighty all of a sudden.
The orc priest hits you with a +0 hand axe.
* * * LOW HITPOINT WARNING * * *
You hit the orc priest.
The orc priest shouts, "Join the one true god or die!"
The orc priest is heavily wounded.
The orc priest begins to cast a cantrip, but forgets the words!
You closely miss the orc priest.
The orc priest is heavily wounded.
The orc priest hits you but does no damage.
You closely miss the orc priest.
The orc priest is heavily wounded.
The orc priest calls down the wrath of Beogh upon you.
Pain shoots through your body!
You die...

####.#.## .
.......####..
#..........
#.......####
#.).........
#.......###
#.#..<###
#.#....#
#.###.#@# ..#
##o......#
###
#.######...
#.# #.# #. #


You could see an orc priest.

Vanquished Creatures
  An orc priest (D:3)
  2 adders (D:2)
  An ooze (D:2)
  A leopard gecko (D:1)
  An orc (D:3)
  4 bats
  A giant cockroach (D:1)
  5 goblins
  4 hobgoblins
  3 jackals (D:2)
  3 kobolds (D:2)
  3 frilled lizards
  A rat (D:1)
30 creatures vanquished.

Notes
Turn   | Place    | Note
-------+----------+-------------------------------------------
     0 | D:1      | Stormshadow the Hill Orc Fighter began the quest for the
                  | Orb.
     0 | D:1      | Reached XP level 1. HP: 19/19 MP: 1/1
   127 | D:1      | Reached skill level 3 in Axes
   240 | D:1      | Reached XP level 2. HP: 26/26 MP: 2/2
   633 | D:1      | Reached skill level 4 in Axes
  1088 | D:2      | Reached XP level 3. HP: 25/31 MP: 3/3
  1260 | D:2      | Found an iron altar of Okawaru.
  1268 | D:2      | Became a worshipper of Warmaster Okawaru
  1307 | D:2      | Reached skill level 5 in Axes
  1891 | D:3      | Reached skill level 6 in Axes
  1891 | D:3      | Reached XP level 4. HP: 21/39 MP: 4/4
  1946 | D:3      | Killed from afar by an orc priest

Levels and vault maps discovered:
D:1:      roderic_octagonal_star, layout_basic, minmay_misc_feat_plants,
          dk_noncrumbling_3, kennysheep_another_room, minivault_26
D:2:      minmay_alternating_diamond, layout_loops_corners,
          kennysheep_okawaru_gauntlet, first_ration, minmay_3d_cube
D:3:      layout_loops_ring, makhleb_heckhound_becter

Skill      XL: |  1  2  3 |
---------------+----------+-----
Axes           | 3 4 6 |  6.1
Fighting       | |  3.6
Armour         | |  3.2
Shields        | |  3.2

Action                   |  1- 3 |  4- 6 || total
-------------------------+-------+-------++-------
Melee: War axe           |    99 |     5 ||   104
  Use: Scroll            |     3 |       ||     3
       Potion            |       |     1 ||     1
  Eat: Chunk             |     2 |       ||     2
Armor: Scale mail        |    19 |       ||    19
       Chain mail        |    58 |     3 ||    61
Dodge: Dodged            |    29 |       ||    29
Block: Shield            |    45 |       ||    45

Table legend:
 A = Non-vault XP
 B = Vault XP
 C = Vault XP percentage of total XP
 D = Non-vault monster count
 E = Vault monster count
 F = Vault count percentage of total count
                 A         B        C        D         E       F
            +---------+---------+-------+---------+---------+-------
      Total |      90 |      32 |  26.2 |      24 |       6 |  20.0
            +---------+---------+-------+---------+---------+-------
        D:1 |      20 |       0 |   0.0 |      11 |       0 |   0.0
        D:2 |      24 |      32 |  57.1 |      11 |       6 |  35.3
        D:3 |      46 |       0 |   0.0 |       2 |       0 |   0.0
            +---------+---------+-------+---------+---------+-------
